Map: Stasis LE

Players

liquidthermy (uThermal)

  • Race: Terran Terran
  • League: Master
  • Spawn Location: 11:00

Special - Winner!

  • Race: Terran Terran
  • League: Master
  • Spawn Location: 1:00

Event: IEM Season 13 - Katowice Server Qualifiers Europe

VOD

Have the link to the VOD?

Description

Time

  • Played on: Jan. 8, 2019, 11:21 a.m.
  • Length: 8:45

All games in this series

Show
View Real Time Build Order
Export as new Build Order

liquidthermy Terran 

Build Orders: 1/1/1 

Get SALT Encoding   

  12  0:01  SCV  
  13  0:13  SCV  
  14  0:17  Supply Depot  
  14  0:25  SCV  
  15  0:28  Refinery  
  15  0:39  SCV  
  16  0:45  Barracks  
  16  0:51  SCV  
  16  0:56  Refinery  
  17  1:03  SCV  
  18  1:15  SCV  
  19  1:32  Reaper  
  19  1:34  Factory  
  19  1:36  Orbital Command  
  20  1:45  Supply Depot  
  20  2:02  SCV  
  20  2:05  Reaper  
  22  2:14  SCV  
  23  2:18  Hellion  
  23  2:19  Starport  
  25  2:26  SCV  
  26  2:37  Barracks Tech Lab  
  26  2:40  Supply Depot, Hellion, SCV  
  29  3:02  Raven, Command Center  
  31  3:07  Hellion  
  31  3:11  SCV  
  34  3:13  Barracks Reactor  
  34  3:24  SCV  
  35  3:27  Supply Depot  
  35  3:29  Factory Tech Lab  
  35  3:36  SCV  
  36  3:44  Refinery  
  36  3:48  SCV  
  36  3:54  Siege Tank  
  37  3:58  Marine  
  37  4:00  SCV  
  38  4:02  Viking  
  38  4:06  Viking  
  42  4:16  Marine  
  43  4:18  Orbital Command  
  43  4:20  SCV  
  44  4:28  Siege Tank  
  47  4:35  SCV  
  47  4:37  Marine  
  47  4:43  Viking  
  47  4:45  SCV  
  48  4:54  Marine  
  48  4:56  Viking  
  48  4:59  SCV  
  53  5:00  SCV  
  53  5:03  Supply Depot  
  53  5:11  Siege Tank  
  53  5:12  SCV  
  57  5:14  SCV  
  57  5:16  Refinery  
  58  5:24  SCV  
  58  5:25  Supply Depot  
  58  5:26  SCV  
  60  5:30  Viking  
  62  5:36  SCV  
  62  5:39  Viking, SCV  
  66  5:48  SCV  
  67  5:50  Siege Tank  
  67  5:51  SCV  
  71  6:00  SCV  
  71  6:01  Viking  
  71  6:03  SCV  
  75  6:09  Viking  
  75  6:12  SCV  
  75  6:15  SCV  
  73  6:23  Siege Tank  
  73  6:24  SCV  
  77  6:27  SCV  
  78  6:41  Liberator x2  
  78  6:45  SCV x2  
  78  6:46  Supply Depot  
  78  6:57  Supply Depot  
  78  6:58  SCV x2  
  86  7:06  Siege Tank  
  86  7:10  SCV x2  
  82  7:22  SCV x2  
  84  7:27  Engineering Bay  
  84  7:28  Command Center, Engineering Bay  
  84  7:34  SCV x2  
  86  7:40  Viking x2  
  86  7:41  Siege Tank  
  93  7:46  SCV x2  
  94  7:56  Marine  
  79  7:58  SCV x2  
  78  8:10  Barracks, SCV  
  78  8:11  Barracks  
  82  8:20  Starport Reactor  
  82  8:22  SCV  
  82  8:25  Marine  
  84  8:30  Barracks x2  
Show
View Real Time Build Order
Export as new Build Order

Special Terran - Winner!

Build Orders:  

Get SALT Encoding   

  12  0:01  SCV  
  13  0:13  SCV  
  14  0:18  Supply Depot  
  14  0:25  SCV  
  15  0:30  Refinery  
  15  0:39  SCV  
  16  0:46  Barracks  
  16  0:52  SCV  
  16  0:56  Refinery  
  17  1:04  SCV  
  18  1:16  SCV  
  20  1:33  Reaper  
  20  1:37  Factory  
  20  1:40  Orbital Command  
  20  1:50  Supply Depot  
  20  2:05  Reaper, SCV  
  22  2:17  SCV  
  22  2:22  Hellion  
  25  2:29  SCV  
  26  2:36  Command Center  
  26  2:40  Reaper  
  26  2:43  SCV  
  28  2:48  Hellion  
  30  2:53  Supply Depot  
  30  2:59  SCV  
  30  3:04  Starport  
  31  3:15  Reaper, SCV, Hellion  
  35  3:27  SCV  
  36  3:38  Factory Tech Lab  
  36  3:39  SCV  
  36  3:41  Starport Tech Lab  
  37  3:47  Refinery  
  37  3:51  SCV  
  38  3:55  Orbital Command  
  38  4:00  Raven  
  38  4:01  Cyclone  
  43  4:04  SCV  
  44  4:18  SCV  
  44  4:23  Command Center  
  45  4:24  SCV  
  45  4:30  SCV  
  39  4:38  Cyclone  
  39  4:45  Raven  
  44  4:46  Barracks Reactor  
  44  4:47  SCV x2  
  46  4:53  Refinery  
  46  4:59  SCV x2  
  48  5:00  Supply Depot  
  48  5:05  Supply Depot  
  48  5:10  Siege Tank  
  48  5:11  SCV x2  
  53  5:23  SCV x2  
  53  5:34  Marine  
  54  5:36  Viking x2  
  54  5:39  Orbital Command  
  55  5:42  Siege Tank  
  55  5:43  SCV  
  55  5:44  SCV  
  59  5:56  SCV x2  
  61  6:06  Viking x2  
  61  6:09  Marine  
  63  6:16  Siege Tank  
  64  6:23  SCV x2  
  66  6:30  Marine  
  65  6:35  SCV x2, Orbital Command  
  65  6:36  Viking x2  
  67  6:45  Starport  
  65  6:47  SCV  
  65  6:49  SCV  
  65  6:54  Marine  
  67  6:58  Siege Tank  
  67  6:59  SCV  
  72  7:01  SCV  
  72  7:02  SCV  
  72  7:06  Viking x2  
  78  7:11  Marine, SCV  
  73  7:20  SCV  
  74  7:23  SCV  
  74  7:25  Banshee  
  74  7:29  Marine  
  79  7:36  Viking  
  81  7:38  Siege Tank  
  81  7:41  Supply Depot x2  
  84  7:46  Orbital Command  
  84  7:47  SCV  
  84  7:50  Supply Depot  
  85  7:55  Marine, Viking, SCV  
  85  8:02  SCV  
  86  8:07  SCV  
  86  8:09  Viking x2  
  86  8:10  Supply Depot  
  91  8:15  SCV x2  
  91  8:19  Command Center, SCV  
  94  8:27  SCV x2  
  98  8:30  Refinery  
  98  8:31  SCV  
  98  8:32  Refinery, Supply Depot  

Tags
 
Add a new tag
Caveats
  • Supply blocks, unpowered buildings, or Contaminate may cause inaccurate times.
  • Supply counts are checked every 10 seconds.